 Dungeon Crawl Stone Soup version 0.29.1-1-gd02db6906a (webtiles) character file.

Game seed: 12175070535248165309

274 nshep25 the Chopper (level 6, -1/53 HPs)
             Began as a Minotaur Fighter on Oct 7, 2022.
             Was an Initiate of the Shining One.
             Slain by a gnoll bouda
             ... wielding a +1 mace of protection
              (4 damage)
             ... on level 4 of the Dungeon.
             The game lasted 00:06:09 (4276 turns).

nshep25 the Chopper (Minotaur Fighter)              Turns: 4276, Time: 00:06:11

Health: -1/53      AC:  8    Str: 23    XL:     6   Next: 3%
Magic:  5/5        EV:  9    Int:  5    God:    the Shining One [......]
Gold:   46         SH:  4    Dex:  9    Spells: 5/5 levels left

rFire   . . .      SeeInvis +   a - +0 war axe
rCold   . . .      Faith    .   c - +0 buckler
rNeg    . . .      Spirit   .   b - +0 scale mail
rPois   .          Reflect  .   (helmet restricted)
rElec   .          Harm     .   (no cloak)
rCorr   .          Rampage  .   m - +0 pair of gloves
Will    .....                   (no boots)
Stlth   ..........              (no amulet)
HPRegen 0.17/turn               s - ring of see invisible
MPRegen 0.09/turn               (no ring)

@: weakened, glowing
A: horns 2, retaliatory headbutt
a: Renounce Religion


You were on level 4 of the Dungeon.
You worshipped the Shining One.
The Shining One was noncommittal.
You visited 2 branches of the dungeon, and saw 5 of its levels.

You collected 82 gold pieces.
You spent 36 gold pieces at shops.

Inventory:

Hand Weapons
 a - a +0 war axe (weapon)
Missiles
 j - 5 datura-tipped darts (quivered)
 q - 4 boomerangs
Armour
 b - a +0 scale mail (worn)
 c - a +0 buckler (worn)
 m - a +0 pair of gloves (worn)
Jewellery
 s - a ring of see invisible (left hand)
Scrolls
 e - 2 scrolls of noise {unknown}
 g - 3 scrolls of enchant weapon {unknown}
 h - 3 scrolls of teleportation {unknown}
 i - 7 scrolls of identify {unknown}
 l - a scroll of amnesia {unknown}
 p - a scroll of silence {unknown}
 t - a scroll of vulnerability {unknown}
Potions
 d - 2 potions of might
 f - 2 potions of attraction {unknown}
 k - 3 potions of degeneration {unknown}
 n - 2 potions of curing
 o - 3 potions of brilliance {unknown}
 r - a potion of heal wounds {unknown}


   Skills:
 + Level 4.6 Fighting
 + Level 5.0 Axes
 + Level 4.9 Armour
 + Level 1.3 Dodging
 + Level 0.1 Stealth
 + Level 4.7 Shields


You had 5 spell levels left.
You didn't know any spells.
Your spell library contained the following spells:

 Spells                   Type           Power      Damage    Failure   Level
 Summon Small Mammal      Summ           0%         N/A       86%         1
 Blink                    Tloc           0%         N/A       94%         2
 Call Canine Familiar     Summ           0%         N/A       99%         3
 Conjure Flame            Conj/Fire      0%         6-21      99%         3
 Ignite Poison            Fire/Tmut/Pois 0%         N/A       99%         3
 Lesser Beckoning         Tloc           0%         N/A       99%         3
 Summon Guardian Golem    Hex/Summ       0%         N/A       99%         3
 Sticky Flame             Conj/Fire      0%         2d3       100%        4
 Manifold Assault         Tloc           0%         N/A       100%        5


Dungeon Overview and Level Annotations

Branches:
Dungeon (4/15)             Temple (1/1) D:4

Altars:
Ashenzari
Cheibriados
Dithmenos
Elyvilon
Gozag
Hepliaklqana
Kikubaaqudgha
Makhleb
Nemelex Xobeh
Okawaru
Qazlal
Ru
Sif Muna
Uskayaw
Vehumet
Wu Jian
Xom
Yredelemnul
Zin
The Shining One

Shops:
D:2 ![:[(


Innate Abilities, Weirdness & Mutations

You have a pair of horns on your head.
You reflexively headbutt those who attack you in melee.


Message History

The gnoll hits you with a +0 halberd.
You barely miss the gnoll.
The gnoll is moderately wounded.
The endoplasm quivers.
You hit the gnoll bouda but do no damage.
The gnoll bouda calls upon its god to heal the gnoll.
The gnoll's wounds heal themselves!
The gnoll closely misses you. You furiously retaliate!
You headbutt the gnoll.
The gnoll bouda hits you with a +1 mace of protection.
The gnoll barely misses you.
You barely miss the gnoll. You headbutt the gnoll.
The gnoll is heavily wounded.
You hit the gnoll bouda.
The gnoll bouda gazes fiercely through you!
You feel as though you will be weak longer.
You block the gnoll bouda's attack. The gnoll hits you with a +0 halberd.
* * * LOW HITPOINT WARNING * * *
You closely miss the gnoll. Your headbutt misses the gnoll.
The gnoll is heavily wounded.
You barely miss the gnoll bouda.
The gnoll bouda barks out a call to the hunt!
The gnoll picks up the pace!
The gnoll hits you with a +0 halberd!
* * * LOW HITPOINT WARNING * * *
You hit the gnoll but do no damage.
The gnoll is heavily wounded.
You barely miss the gnoll bouda.
The gnoll bouda gazes fiercely through you!
You feel as though you will be weak longer.
The gnoll bouda hits you with a +1 mace of protection.
* * * LOW HITPOINT WARNING * * *
The gnoll barely misses you. You furiously retaliate!
You headbutt the gnoll. The gnoll bouda closely misses you.
You hit the gnoll.
You kill the gnoll!
You hit the endoplasm.
You hit the gnoll bouda but do no damage.
You block the endoplasm's attack.
The gnoll bouda hits you with a +1 mace of protection.
You die...

#.#### ##.....## . #.##.##
##.......## ...
#.#...####.........###.g...
#........'........>'..gg.>.
#.#...####.........###.....
#.##.## ##.......## .g.
#.#### ##.....## . #.#
##.g)## #.# ##@## #.# #J#
#.# ###.#######
#.##########.........#
#.##.......#....####.#
##.##.......#.....##
##...#..###).#....#.## #
#.......# #..#.#.###.#.###.#
##......###..#.##.#........#


You could see a gnoll bouda and an endoplasm.

Vanquished Creatures
  A centaur (D:4)
  A jelly (D:4)
  Jessica (D:2)
  3 gnolls (D:4)
  6 adders
  A worm (D:3)
  A dart slug (D:3)
  2 orcs (D:3)
  5 endoplasms
  2 goblins
  6 hobgoblins
  3 jackals (D:3)
  3 quokkas
  4 ball pythons
  5 bats
  A frilled lizard (D:1)
  3 kobolds
  9 rats
57 creatures vanquished.

Vanquished Creatures (others)
  2 plants (D:1)
2 creatures vanquished.

Grand Total: 59 creatures vanquished

Notes
Turn   | Place    | Note
-------+----------+-------------------------------------------
     0 | D:1      | nshep25 the Minotaur Fighter began the quest for the Orb.
     0 | D:1      | Reached XP level 1. HP: 19/19 MP: 0/0
   724 | D:1      | Reached XP level 2. HP: 27/27 MP: 1/1
  1484 | D:2      | Found a faded altar of an unknown god.
  1519 | D:2      | Found Fatel's Antique Armour Shop.
  1601 | D:2      | Noticed Jessica
  1611 | D:2      | Killed Jessica
  1612 | D:2      | Reached skill level 3 in Axes
  1612 | D:2      | Reached XP level 3. HP: 3/33 MP: 2/2
  2023 | D:2      | Found Gommas's Book Emporium.
  2071 | D:2      | Found Ubaoxzio's Weapon Shoppe.
  2076 | D:2      | Found Uzemont's Antique Armour Boutique.
  2275 | D:2      | Found Qanle's Distillery.
  2278 | D:2      | Bought a potion of curing for 36 gold pieces
  2504 | D:3      | Reached XP level 4. HP: 30/40 MP: 3/3
  2931 | D:3      | Reached skill level 4 in Axes
  3393 | D:4      | Found a staircase to the Ecumenical Temple.
  3411 | Temple   | Entered the Ecumenical Temple
  3790 | Temple   | Became a worshipper of the Shining One
  3841 | D:4      | Noticed a centaur
  3857 | D:4      | Killed a centaur
  3858 | D:4      | Reached skill level 1 in Dodging
  3858 | D:4      | Reached XP level 5. HP: 22/47 MP: 4/4
  4250 | D:4      | Reached skill level 5 in Axes
  4269 | D:4      | Reached XP level 6. HP: 36/53 MP: 5/5
  4276 | D:4      | Slain by a gnoll bouda

Illustrated notes

Levels and vault maps discovered:
D:1:      dpeg_arrival_tiny_d, layout_loops_corners, serial_forest,
          infiniplex_forest_end_3, infiniplex_forest_straight_4,
          infiniplex_forest_straight_4, infiniplex_forest_straight_1,
          infiniplex_forest_lined_2, infiniplex_forest_lined_3_way,
          infiniplex_forest_clump_tiny, kennysheep_small_spiral,
          serial_bayou_pond_d, minmay_misc_feat_secret_circle
D:2:      kennysheep_big_flooded_room, layout_basic, serial_shops,
          nicolae_shop_advertising_works [nicolae_subvault_shop_adworks],
          nicolae_shop_behind_doors, nicolae_lakefront_shop, nicolae_shop_trees,
          shop, shapermc_ecumenical_altar_mp_ritualfount, uniq_jessica
D:3:      layout_loops_ring
D:4:      layout_loops_corners, minmay_temple_entry_offerings,
          chequers_serial_rivers_micro_c
Temple:   mainiacjoe_temple_cubbyholes

Skill      XL: |  1  2  3  4  5 |
---------------+----------------+-----
Armour         | 4 |  4.9
Shields        | 4 |  4.7
Axes           | 3 4 5 |  5.0
Fighting       | 4 |  4.6
Dodging        | 1 |  1.3
Stealth        | |  0.1

Action                   |  1- 3 |  4- 6 || total
-------------------------+-------+-------++-------
Melee: War axe           |    78 |    93 ||   171
       Headbutt          |    10 |    10 ||    20
Armor: Scale mail        |    26 |    53 ||    79
Dodge: Dodged            |    30 |    62 ||    92
Block: Buckler           |    11 |    31 ||    42
